 Dungeon Crawl Stone Soup version 0.31.0-11-ge490571c62 (webtiles) character file.

Game seed: 9024918099227340426

13602 hawla the Severer (level 11, -3/74 (86) HPs)
             Began as a Minotaur Fighter on Feb 9, 2024.
             Was a Follower of Makhleb.
             Killed from afar by Josephine (23 damage)
             ... with a ghostly fireball
             ... on level 12 of the Dungeon.
             The game lasted 00:30:41 (11962 turns).

hawla the Severer (Minotaur Fighter)               Turns: 11962, Time: 00:30:42

HP:   -3/74 (86)    AC: 10    Str: 24    XL:     11   Next: 77%
MP:   0/3           EV: 12    Int:  7    God:    Makhleb [*.....]
Gold: 297           SH:  9    Dex: 17    Spells: 10/10 levels left

rFire   + . .        a - +4 war axe "Nivvam" {antimagic, +Blink Fly rElec Int+2}
rCold   . . .        c - +3 buckler
rNeg    . . .        P - +0 troll leather armour
rPois   .            u - +2 hat
rElec   +            h - scarf {repulsion}
rCorr   +            l - +0 pair of gloves
SInv    .            z - +0 pair of boots of Complete Protection {+Inv rF+ rCorr}
Will    +....        k - amulet of guardian spirit
Stlth   +            x - ring of willpower
HPRegen 1.12/turn    F - +6 ring of dexterity
MPRegen 0.08/turn

%: repel missiles, guardian spirit
@: about to teleport, flying, slowed, heavily drained, very slow
A: horns 2, retaliatory headbutt
a: Renounce Religion, Evoke Blink, Evoke Invisibility


You were on level 12 of the Dungeon.
You worshipped Makhleb.
Makhleb was aware of your devotion.
You visited 2 branches of the dungeon, and saw 13 of its levels.

You collected 732 gold pieces.
You spent 435 gold pieces at shops.

Inventory:

Hand Weapons
 a - the +4 war axe "Nivvam" (weapon) {antimagic, +Blink Fly rElec Int+2}
   (You acquired it on level 9 of the Dungeon)

   Int+2:     It affects your intelligence (+2).
   rElec:     It insulates you from electricity.
   Fly:       It grants you flight.
   +Blink:    It lets you blink.
 v - a +1 hand axe of flaming
 A - a +3 war axe of freezing
 G - a +0 demon whip of venom
 M - a +0 broad axe
Missiles
 n - 28 poisoned darts (quivered)
 N - 3 throwing nets
 O - 3 datura-tipped darts
Armour
 c - a +3 buckler (worn)
 h - a scarf of repulsion (worn)
 l - a +0 pair of gloves (worn)
 p - a +0 chain mail
 u - a +2 hat (worn)
 y - a +2 kite shield
 z - the +0 pair of boots of Complete Protection (worn) {+Inv rF+ rCorr}
   (You bought it in a shop on level 4 of the Dungeon)

   rF+:       It protects you from fire.
   +Inv:      It lets you turn invisible.
   rCorr:     It protects you from acid and corrosion.
 I - the +5 robe of Xom's Hope {rElec Regen+}
   (You found it on level 10 of the Dungeon)

   rElec:     It insulates you from electricity.
   Regen+:    It increases your rate of health regeneration.
 L - +0 swamp dragon scales
 P - a +0 troll leather armour (worn)
Jewellery
 b - a ring of resist corrosion
 j - an amulet of the acrobat
 k - an amulet of guardian spirit (around neck)
 x - a ring of willpower (left hand)
 B - a ring of protection from cold
 F - a +6 ring of dexterity (right hand)
 K - a +6 ring of intelligence
Wands
 f - a wand of flame (34)
 q - a wand of mindburst (17)
 r - a wand of acid (12)
 C - a wand of paralysis (18)
 H - a wand of digging (7)
 J - a wand of polymorph (13)
Scrolls
 o - 3 scrolls of teleportation
 s - 3 scrolls of vulnerability
 w - a scroll of fog
Potions
 d - 2 potions of might
 e - a potion of brilliance
 g - a potion of attraction
 i - a potion of berserk rage
 m - a potion of haste
 t - 2 potions of curing
 D - 2 potions of heal wounds
 E - 2 potions of lignification


   Skills:
 - Level 5.0 Fighting
 - Level 16.0 Axes
 + Level 3.9 Throwing
 - Level 14.0 Armour
 - Level 3.0 Dodging
 - Level 5.0 Shields
 - Level 3.0 Evocations


You had 10 spell levels left.
You didn't know any spells.
Your spell library was empty.

Dungeon Overview and Level Annotations

Branches:
Dungeon (12/15)            Temple (1/1) D:7            Lair (0/5) D:11
    Orc: D:9-12

Altars:
Ashenzari
Cheibriados
Dithmenos
Elyvilon
Fedhas
Gozag
Hepliaklqana
Kikubaaqudgha
Makhleb
Nemelex Xobeh
Okawaru
Qazlal
Ru
Sif Muna
Trog
Uskayaw
Vehumet
Wu Jian
Xom
Yredelemnul
Zin
The Shining One

Shops:
D:4 [   D:11 :

Annotations:
D:12 Josephine


Innate Abilities, Weirdness & Mutations

You have a pair of horns on your head.
You reflexively headbutt those who attack you in melee.


Message History

Josephine points at you and mumbles some strange words.
The ghostly flame explodes!
The ghostly fireball engulfs you!!
You feel drained.
The ghostly fireball engulfs the wraith.
The wraith completely resists.
The ghostly fireball engulfs Josephine.
Josephine completely resists.
You hear a bellow! x2
You closely miss Josephine.
Josephine is moderately wounded.
You hit the wraith.
Josephine's magic is no longer disrupted.
The wraith barely misses you. Josephine barely misses you.
You furiously retaliate!
You headbutt Josephine! The wraith hits you! The wraith barely misses you.
Josephine points at you and mumbles some strange words.
The ghostly flame explodes!
The ghostly fireball engulfs you!!
You feel drained.
* * * LOW HITPOINT WARNING * * *
The ghostly fireball engulfs the wraith.
The wraith completely resists.
The ghostly fireball engulfs the wraith but does no damage.
The wraith completely resists.
The ghostly fireball engulfs Josephine.
Josephine completely resists.
You hear a bellow!
As you read the scroll of teleportation, it crumbles to dust.
You feel strangely unstable. Josephine misses you. The wraith misses you.
The wraith closely misses you. You furiously retaliate!
You headbutt the wraith! You hit Josephine.
Josephine's magic leaks into the air.
Josephine is heavily wounded.
You hit the wraith but do no damage. You closely miss the wraith.
The wraith hits you.
* * * LOW HITPOINT WARNING * * *
The wraith drains your vigour!
You feel as though you will be slow longer.
You block the wraith's attack. Josephine casts a spell at you.
The ghostly flame explodes!
The ghostly fireball engulfs you!!
You feel drained.
You die...

............
#...........
#...........
#.......?...
#...........
####...W.......
...............WW@......
..........# #@#
..?.......# #.#
..........# #.#
..........# #.#
..........######.#######
........................
<..............#####.###
...............#
...............#


You could see Josephine (magic disrupted) and 3 wraiths.

Vanquished Creatures
  Harold (D:11)
  A two-headed ogre (D:11)
  Amaemon (D:8)
  Maurice (D:11)
  A cyclops (D:10)
  Joseph (D:7)
  Maggie (D:10)
  An orange demon (D:8)
  Psyche (D:8)
  3 trolls
  A hornet (D:11)
  Prince Ribbit (D:8)
  3 wraiths (D:12)
  A wyvern (D:6)
  19 yaks
  4 steam dragons
  5 vampire mosquitoes (D:11)
  An acid dragon (D:9)
  A water moccasin (D:6)
  An ice beast (D:5)
  3 orc warriors
  2 black bears
  2 sky beasts
  2 centaurs
  A phantom (D:4)
  2 kobold brigands
  2 bullfrogs
  2 scorpions
  12 wights
  2 gnoll sergeants
  24 killer bees
  A howler monkey (D:9)
  A bombardier beetle (D:4)
  A jelly (D:5)
  A hound (D:5)
  7 orc priests
  2 sleepcaps
  2 iguanas
  9 orc wizards
  Robin (D:4)
  17 gnolls
  12 adders
  4 white imps
  3 ufetubi
  A dart slug (D:3)
  3 ribbon worms
  55 orcs
  5 ball pythons
  6 endoplasms
  7 giant cockroaches
  18 goblins
  4 hobgoblins
  8 jackals
  3 quokkas
  10 bats
  4 frilled lizards
  10 kobolds
  5 rats
  A butterfly (D:7)
304 creatures vanquished.

Vanquished Creatures (others)
  A sky beast (D:7)
1 creature vanquished.

Grand Total: 305 creatures vanquished

Notes
Turn   | Place    | Note
-------+----------+-------------------------------------------
     0 | D:1      | hawla the Minotaur Fighter began the quest for the Orb.
     0 | D:1      | Reached XP level 1. HP: 19/19 MP: 0/0
    51 | D:1      | Reached skill level 1 in Dodging
    57 | D:1      | Reached XP level 2. HP: 20/26 MP: 1/1
   695 | D:2      | Reached XP level 3. HP: 31/31 MP: 2/2
   997 | D:2      | Reached XP level 4. HP: 36/39 MP: 3/3
  1069 | D:2      | Reached skill level 5 in Shields
  1158 | D:2      | You fall into a shaft and drop 1 floor!
  1779 | D:3      | Found a sparkling altar of Nemelex Xobeh.
  1779 | D:3      | Found an opulent altar of Gozag.
  1793 | D:3      | Reached XP level 5. HP: 15/45 MP: 4/4
  1923 | D:3      | Found a faded altar of an unknown god.
  2002 | D:3      | Reached skill level 5 in Armour
  2747 | D:4      | Noticed a black bear
  2752 | D:4      | Killed a black bear
  2753 | D:4      | Reached XP level 6. HP: 47/51 MP: 5/5
  2834 | D:4      | Found Vobbih's Armour Shop.
  3201 | D:4      | Identified the +1 ring mail of the Bagpipe {*Slow Will+
                  | Stlth+}
  3236 | D:4      | Reached XP level 7. HP: 57/57 MP: 6/6
  3388 | D:4      | Noticed Robin
  3400 | D:4      | Killed Robin
  3663 | D:4      | Found a snail-covered altar of Cheibriados.
  3887 | D:5      | Entered Level 5 of the Dungeon
  4205 | D:5      | Reached skill level 10 in Armour
  4445 | D:5      | Reached XP level 8. HP: 46/64 MP: 7/7
  6271 | D:6      | You fall into a shaft and drop 3 floors!
  6491 | D:9      | Reached XP level 9. HP: 55/70 MP: 8/8
  6679 | D:9      | Reached skill level 1 in Evocations
  6854 | D:9      | Reached skill level 3 in Axes
  6944 | D:8      | Reached skill level 4 in Axes
  7317 | D:6      | Found a broken altar of Ashenzari.
  7480 | D:6      | Reached skill level 5 in Axes
  7563 | D:6      | Reached skill level 6 in Axes
  7614 | D:4      | Bought the +0 pair of boots of Complete Protection {+Inv
                  | rF+ rCorr} for 435 gold pieces
  7675 | D:7      | Reached skill level 7 in Axes
  7697 | D:7      | Reached skill level 8 in Axes
  7828 | D:7      | Found a staircase to the Ecumenical Temple.
  7835 | Temple   | Entered the Ecumenical Temple
  7976 | D:7      | Noticed Joseph
  7986 | D:7      | Reached XP level 10. HP: 66/77 MP: 6/9
  8000 | D:7      | Killed Joseph
  8001 | D:7      | Reached skill level 9 in Axes
  8210 | D:7      | Found a burning altar of Makhleb.
  8212 | D:7      | Found an ornate altar of the Wu Jian Council.
  8253 | D:7      | Found a blossoming altar of Fedhas.
  8601 | D:7      | Became a worshipper of Makhleb the Destroyer
  8640 | D:8      | Found a sacrificial altar of Ru.
  8640 | D:8      | Noticed Psyche
  8649 | D:8      | Killed Psyche
  8650 | D:8      | Reached skill level 10 in Axes
  8904 | D:8      | Noticed Prince Ribbit
  8906 | D:8      | Noticed Amaemon
  8907 | D:8      | Noticed an orange demon
  8912 | D:8      | Reached skill level 11 in Axes
  8917 | D:8      | Killed Amaemon
  8923 | D:8      | Killed an orange demon
  8924 | D:8      | Reached skill level 12 in Axes
  8925 | D:8      | Killed Prince Ribbit
  9203 | D:8      | Found a white marble altar of Elyvilon.
  9342 | D:8      | Found a shimmering altar of Xom.
  9342 | D:8      | Found a radiant altar of Vehumet.
  9343 | D:8      | Found a bloodstained altar of Trog.
  9480 | D:9      | Identified a scroll of acquirement
  9481 | D:9      | Acquired the +4 war axe "Nivvam" {antimagic, +Blink Fly
                  | rElec Int+2}
  9771 | D:9      | Reached skill level 13 in Axes
 10182 | D:10     | Entered Level 10 of the Dungeon
 10237 | D:10     | Reached * piety under Makhleb
 10239 | D:10     | Reached XP level 11. HP: 61/82 MP: 2/10
 10384 | D:10     | Identified the +5 robe of Xom's Hope {rElec Regen+}
 10389 | D:10     | Reached skill level 14 in Axes
 10735 | D:10     | Noticed Maggie
 10743 | D:10     | Killed Maggie
 10909 | D:11     | Noticed Harold
 10927 | D:11     | Killed Harold
 10928 | D:11     | Reached skill level 15 in Axes
 11142 | D:11     | Found a staircase to the Lair.
 11209 | D:11     | Noticed a two-headed ogre
 11218 | D:11     | Killed a two-headed ogre
 11253 | D:11     | Found Sokan's Vocational Training.
 11277 | D:11     | Reached skill level 16 in Axes
 11333 | D:11     | Noticed Maurice
 11366 | D:10     | Reached skill level 5 in Fighting
 11380 | D:11     | Something stole 238 gold
 11381 | D:11     | Killed Maurice
 11953 | D:12     | Noticed Josephine
 11962 | D:12     | Killed from afar by Josephine

Illustrated notes

Levels and vault maps discovered:
D:1:      dpeg_arrival_boxes_within_box, layout_loops_ring
D:2:      layout_loops_ring
D:3:      layout_loops_corners, grunt_temple_overflow_opulence,
          shapermc_ecumenical_altar_totnotflames
D:4:      kennysheep_goblin_castle, layout_loops_ring, kennysheep_little_box,
          serial_shops, nicolae_shop_rolling_square
D:5:      layout_layer_cave
D:6:      kennysheep_steamy, layout_basic, overflow_temple_1_default
D:7:      kb_forest_paths, layout_rooms, fedhas_ov_isle_minmay,
          nicolae_overflow_hidden_temple, minmay_temple_entry_butterflies,
          uniq_joseph
D:8:      layout_cave_pods, hangedman_ru_absence, elyvilon_altar_3,
          gammafunk_temple_overflow_claw, uniq_prince_ribbit1, uniq_psyche,
          uniq_amaemon
D:9:      layout_roguey
D:10:     layout_basic, minivault_25, uniq_maggie
D:11:     layout_irregular_city, lair_entry_dummy, gauntlet_entry_generic,
          nicolae_shop_vocational, uniq_maurice, uniq_harold
D:12:     layout_small_grid, hiddenorc1_lemuel, uniq_josephine, uniq_fannar
Temple:   dpeg_chambers_temple

Skill      XL: |  1  2  3  4  5  6  7  8  9 10 11 |
---------------+----------------------------------+-----
Dodging        | 1 3 |  3.0
Shields        | 4 5 |  5.0
Armour         | 4 6 8 10 13 14 | 14.0
Evocations     | 3 |  3.0
Axes           | 8 13 16 | 16.0
Fighting       | 5 |  5.0
Throwing       | 3 |  3.9

Action                     |  1- 3 |  4- 6 |  7- 9 | 10-12 || total
---------------------------+-------+-------+-------+-------++-------
  Melee: War axe           |    59 |   153 |   339 |   268 ||   819
         Headbutt          |     9 |    16 |    69 |    51 ||   145
  Throw: Dart              |       |       |     3 |     7 ||    10
         Throwing net      |       |       |     1 |       ||     1
  Evoke: Wand              |       |     1 |     6 |     9 ||    16
    Use: Scroll            |     4 |     5 |    11 |    10 ||    30
         Potion            |       |     5 |     2 |     1 ||     8
   Stab: Paralysed         |       |       |       |     5 ||     5
 Armour: Scale mail        |    35 |    67 |       |       ||   102
         Chain mail        |       |    38 |   340 |   130 ||   508
         Troll leather arm |       |       |       |    43 ||    43
         Swamp dragon scal |       |       |       |    35 ||    35
  Dodge: Dodged            |    52 |    83 |   247 |   152 ||   534
         Repelled          |       |       |     2 |       ||     2
  Block: Buckler           |    11 |    31 |   173 |   134 ||   349
